 Dungeon Crawl Stone Soup version 0.30.1-9-gdf580d7c3d (webtiles) character file.

Game seed: 17360675544759727205

158 rogsnak the Gusty (level 5, 0/28 HPs)
             Began as a Tengu Air Elementalist on Oct 11, 2023.
             Slain by an orc wizard
             ... wielding a +0 dagger
              (2 damage)
             ... on level 4 of the Dungeon.
             The game lasted 00:07:21 (3418 turns).

rogsnak the Gusty (Tengu Air Elementalist)          Turns: 3418, Time: 00:07:21

Health: 0/28       AC:  2    Str:  8    XL:     5   Next: 40%
Magic:  1/10       EV: 15    Int: 17    God:
Gold:   227        SH:  0    Dex: 15    Spells: 5/10 levels left

rFire   . . .        n - +0 dagger (protect)
rCold   . . .        (no shield)
rNeg    . . .        a - +0 robe
rPois   .            (helmet restricted)
rElec   .            (no cloak)
rCorr   +            (no gloves)
SInv    .            (boots unavailable)
Will    .....        (no amulet)
Stlth   ++           j - ring of resist corrosion
HPRegen 0.24/turn    (no ring)
MPRegen 0.12/turn

%: no passive effects
@: flying quickly and evasively, quick
A: beak, talons 3, nimble flight
a: no special abilities


You were on level 4 of the Dungeon.
You visited 1 branch of the dungeon, and saw 4 of its levels.

You collected 227 gold pieces.

Inventory:

Hand Weapons
 d - a +0 club
 m - a +0 rapier
 n - a +0 dagger of protection (weapon)
 o - a +0 dagger of flaming
 p - a +0 trident
Missiles
 c - 52 stones
 s - 3 poisoned darts
Armour
 a - a +0 robe (worn)
Jewellery
 j - a ring of resist corrosion (left hand)
Wands
 u - a wand of polymorph (6)
Scrolls
 g - 2 scrolls of blinking {unknown}
 i - a scroll of enchant weapon {unknown}
 k - 2 scrolls of teleportation {unknown}
 l - 5 scrolls of poison {unknown}
 r - 2 scrolls of identify {unknown}
 v - a scroll of noise {unknown}
Potions
 b - a potion of magic
 e - a potion of flight {unknown}
 f - 4 potions of invisibility {unknown}
 h - 3 potions of curing {unknown}
 q - a potion of might {unknown}
 t - a potion of haste {unknown}


   Skills:
 + Level 0.1 Fighting
 + Level 2.5 Dodging
 - Level 2.1 Stealth
 + Level 3.0 Spellcasting
 * Level 4.1 Conjurations
 + Level 5.3 Air Magic


You had 5 spell levels left.
You knew the following spells:

 Your Spells              Type           Power      Damage    Failure   Level
a - Shock                 Conj/Air       72%        1d7       2%          1
b - Airstrike             Air            10%        2d(2-18)  19%         4

Your spell library contained the following spells:

 Spells                   Type           Power      Damage    Failure   Level
 Magic Dart               Conj           64%        1d6       3%          1
 Static Discharge         Conj/Air       36%        2-4/arc   3%          2
 Searing Ray              Conj           32%        2d5       4%          2
 Swiftness                Air            20%        N/A       6%          3
 Sting                    Tmut/Pois      8%         1d3       17%         1
 Ensorcelled Hibernation  Hex/Ice        4%         N/A       26%         2
 Gell's Gravitas          Tloc           2%         N/A       45%         3
 Spider Form              Tmut/Pois      2%         N/A       45%         3
 Teleport Other           Tloc           2%         N/A       45%         3
 Fulminant Prism          Conj/Hex       4%         3d5       58%         4
 Anguish                  Hex/Necr       1%         N/A       86%         4
 Summon Forest            Summ/Tloc      1%         N/A       99%         5
 Summon Mana Viper        Hex/Summ       2%         N/A       99%         5
 Dispersal                Tloc           1%         N/A       100%        6
 Summon Cactus Giant      Summ           1%         N/A       100%        6


Dungeon Overview and Level Annotations

Branches:
Dungeon (4/15)
 Temple: D:4-7

Altars:
Qazlal


Innate Abilities, Weirdness & Mutations

You have a beak for a mouth.
You have claws for feet.
Your magical nature lets you fly swiftly and evasively.


Message History

The magic dart hits you.
* * * LOW HITPOINT WARNING * * *
Unknown command.
You closely miss something. Your peck misses something. Something hits you.
* * * LOW HITPOINT WARNING * * *
Casting: Shock (safe; 2% risk of failure)
Confirm with . or Enter, or press ? or * to list all spells.
Aiming: Shock (safe; 2% risk of failure)
Press: ? - help, Shift-Dir - straight line You miscast Shock.
You are very lightly contaminated with residual magic.
Nothing appears to happen.
Something barely misses you.
Unknown command.
Unknown command.
You closely miss something. Your kick misses something. Something hits you.
* * * LOW HITPOINT WARNING * * *
Casting: Shock (safe; 2% risk of failure)
Confirm with . or Enter, or press ? or * to list all spells.
Aiming: Shock (safe; 2% risk of failure)
Press: ? - help, Shift-Dir - straight line The zap hits something.
Something hits you.
* * * LOW HITPOINT WARNING * * *
Unknown command.
Unknown command.
You barely miss something. Something closely misses you.
You miss something. Your kick misses something. Your peck misses something.
Something hits you.
* * * LOW HITPOINT WARNING * * *
You miss something. Something hits you but does no damage.
You miss something. Something barely misses you.
Your magical contamination has completely faded away.
You miss something. Your kick misses something. Your peck misses something.
Something hits you.
* * * LOW HITPOINT WARNING * * *
You closely miss something. Your peck misses something.
Something barely misses you.
You closely miss something. Something hits you.
* * * LOW HITPOINT WARNING * * *
You closely miss something. Your kick misses something. Something hits you.
You die...

#.#.......#.......#
####.#.......#.###.#.#
#........_.....###.#.######
##....#.......#.............
#.....#.......#.###.#.######
#.....##.....##.###.#.#
#.....####.####.....#.#
#..>................#.#
#..........@###.....#.#
#..........{# #.###.#.#
#...##.###.## #........
######.# #)# #.###.### #.#
#.. #.# #.# #.# ##.. #.# #.#
#.# ##)#.# #.# .#.# ..# ..#


There were no monsters in sight!

Vanquished Creatures
  An orc priest (D:4)
  An orc wizard (D:4)
  4 adders
  A worm (D:3)
  A dart slug (D:1)
  An orc (D:3)
  5 bats
  4 endoplasms
  3 giant cockroaches
  7 goblins
  9 hobgoblins
  4 jackals (D:1)
  5 kobolds
  A quokka (D:1)
  7 ball pythons
  3 frilled lizards
  4 rats
61 creatures vanquished.

Notes
Turn   | Place    | Note
-------+----------+-------------------------------------------
     0 | D:1      | rogsnak the Tengu Air Elementalist began the quest for the
                  | Orb.
     0 | D:1      | Reached XP level 1. HP: 10/10 MP: 4/4
   281 | D:1      | Reached XP level 2. HP: 15/15 MP: 3/6
   769 | D:1      | Reached XP level 3. HP: 19/19 MP: 4/7
  1422 | D:2      | Reached skill level 5 in Air Magic
  1587 | D:2      | Reached XP level 4. HP: 23/24 MP: 4/8
  2533 | D:3      | Found a faded altar of an unknown god.
  2541 | D:3      | Got Plato's Vademecum on Changing
  2731 | D:3      | Learned a level 4 spell: Airstrike
  3307 | D:4      | Found a stormy altar of Qazlal.
  3390 | D:4      | Gained mutation: Your magical nature lets you fly swiftly
                  | and evasively. [Tengu growth]
  3390 | D:4      | Reached XP level 5. HP: 15/28 MP: 3/10
  3418 | D:4      | Slain by an orc wizard

Illustrated notes

Levels and vault maps discovered:
D:1:      dpeg_arrival_stone_temple_mockup, layout_basic, serial_forest,
          infiniplex_forest_clump_tiny, infiniplex_forest_clump_curved,
          infiniplex_forest_lined_corner, infiniplex_forest_lined_3,
          infiniplex_forest_straight_3, infiniplex_forest_clump_tiny,
          infiniplex_forest_clump_medium
D:2:      layout_loops_corners, serial_rivers, chequers_serial_rivers_micro_d,
          chequers_serial_rivers_small_3, chequers_serial_rivers_large_a,
          chequers_serial_rivers_small_a, chequers_serial_rivers_small_3,
          chequers_serial_rivers_micro_c, grunt_decor_arrowhead
D:3:      layout_loops_ring, shapermc_ecumenical_altar_rom_forum
D:4:      layout_basic, old_standard_altar, minmay_temple_entry_butterflies

Skill      XL: |  1  2  3  4  5 |
---------------+----------------+-----
Conjurations   | 2 3 4 |  4.1
Air Magic      | 5 |  5.3
Spellcasting   | 3 |  3.0
Fighting       | |  0.1
Dodging        | |  2.5
Stealth        | |  2.1

Action                     |  1- 3 |  4- 6 || total
---------------------------+-------+-------++-------
  Melee: Unarmed           |     7 |       ||     7
         Kick              |     8 |     5 ||    13
         Club              |     7 |       ||     7
         Peck              |     3 |     2 ||     5
         Rapier            |     4 |       ||     4
         Dagger            |       |    26 ||    26
   Cast: Shock             |    68 |    54 ||   122
 Armour: Robe              |     2 |     4 ||     6
  Dodge: Dodged            |     9 |    10 ||    19
